 Dungeon Crawl Stone Soup version 0.31-a0-774-g0d66cbabe8 (webtiles) character file.

Game seed: 10465230326074928245

17444 Skeral the Grappler (level 12, -1/126 HPs)
             Began as a Troll Shapeshifter on Sept 17, 2023.
             Was an Elder of Wu Jian.
             Killed from afar by a rime drake (10 damage)
             ... with an icy flash freeze
             ... in an ice cave.
             The game lasted 00:28:39 (10464 turns).

Skeral the Grappler (Troll Shapeshifter)           Turns: 10464, Time: 00:28:39

Health: -1/126     AC:  8    Str: 25    XL:     12   Next: 18%
Magic:  0/11       EV: 15    Int:  6    God:    Wu Jian [****..]
Gold:   833        SH:  0    Dex: 13    Spells: 11/11 levels left

rFire   . .          .
                       - Unarmed
rCold   + . .        (no shield)
rNeg    . . .        J - +0 acid dragon scales
rPois   .            (helmet currently unavailable)
rElec   .            (cloak currently unavailable)
rCorr   +            (gloves unavailable)
SInv    .            (boots unavailable)
Will    .....        G - amulet of guardian spirit
Stlth   +            C - ring of protection from cold
HPRegen 1.21/turn    e - +5 ring of evasion
MPRegen 0.12/turn

%: guardian spirit
@: exhausted, beast-form
A: beast (slay +4), large, unfitting armour, claws 3, regeneration 1, shaggy fur
1, tough skin 1
a: Begin Untransformation, Renounce Religion, Wall Jump, Serpent's Lash


You were in an ice cave.
You worshipped Wu Jian.
Wu Jian was greatly pleased with you.
You were a hulking beast.
You visited 3 branches of the dungeon, and saw 13 of its levels.
You also visited: Ice Cave.

You collected 833 gold pieces.


Innate Abilities, Weirdness & Mutations

You are a hulking beast.
Your limbs bulge with bestial killing power. (Slay +4)
You are too large for most types of armour.
You have claws for hands.
Your natural rate of healing is unusually fast.
You are covered in fur. (AC +1)
You have tough skin. (AC +1)


   Skills:
 + Level 10.2 Fighting
 + Level 4.4 Dodging
 + Level 12.4 Unarmed Combat
 + Level 9.5 Shapeshifting


You had 11 spell levels left.
You didn't know any spells.
Your spell library contained the following spells:

 Spells                   Type           Power      Damage    Failure   Level
 Sandblast                Erth           0%         2d4       52%         1
 Sting                    Tmut/Pois      0%         1d3       52%         1
 Cigotuvi's Dreadful Rot  Necr/Pois/Air  0%         N/A       67%         2
 Passwall                 Tmut/Erth      0%         N/A       67%         2
 Poisonous Vapours        Pois/Air       0%         N/A       67%         2
 Stone Arrow              Conj/Erth      0%         3d7       88%         3
 Brom's Barrelling Bould  Conj/Erth      0%         2d3       99%         4
 Dispel Undead            Necr           0%         3d6       99%         4
 Olgreb's Toxic Radiance  Pois           0%         N/A       99%         4
 Passage of Golubria      Tloc           0%         N/A       99%         4
 Silence                  Hex/Air        0%         N/A       100%        5
 Death Channel            Necr           0%         N/A       100%        6
 Lehudib's Crystal Spear  Conj/Erth      0%         10d2      100%        8

Inventory:

Missiles
 h - 9 boomerangs
 l - 5 javelins
 r - 27 poisoned darts (quivered)
 y - 8 curare-tipped darts {=f}
 B - 4 throwing nets {=f!f}
Armour
 J - +0 acid dragon scales (worn)
   (You found it on level 9 of the Dungeon)
Jewellery
 e - a +5 ring of evasion (right claw)
   (You found it on level 8 of the Dungeon)
 C - a ring of protection from cold (left claw)
   (You found it on level 1 of the Dungeon)
 G - an amulet of guardian spirit (around neck)
   (You found it on level 1 of the Dungeon)
 N - a ring of positive energy
   (You found it on level 11 of the Dungeon)
Talismans
 c - a beast talisman (active)
 d - a flux talisman
 m - a talisman of death
   (You found it on level 2 of the Dungeon)
Wands
 i - a wand of flame (30)
   (You found it on level 5 of the Dungeon)
 t - a wand of paralysis (24)
   (You found it on level 4 of the Dungeon)
 z - a wand of digging (14)
   (You found it on level 7 of the Dungeon)
 K - a wand of roots (18)
   (You took it off Harold on level 9 of the Dungeon)
 L - a wand of mindburst (9)
   (You found it on level 9 of the Dungeon)
Scrolls
 f - 2 scrolls of enchant armour
 n - 2 scrolls of fog
 q - a scroll of revelation
 A - a scroll of silence {!r}
 E - 5 scrolls of noise {unknown}
Potions
 a - a potion of brilliance {unknown}
 b - 2 potions of lignification {!q}
 j - 2 potions of resistance
 k - 2 potions of curing {@q1}
 p - a potion of experience {unknown}
 s - 3 potions of ambrosia {unknown}
 u - 3 potions of magic
 x - a potion of attraction {unknown}
 D - a potion of enlightenment
 H - a potion of berserk rage {unknown}
 I - a potion of haste {unknown}

Dungeon Overview and Level Annotations

Branches:
Dungeon (11/15) Zot: 26333  Temple (1/1) D:7 Zot: 5919    Lair (1/5) D:11 Zot: 5816
    Orc (0/2) D:10          IceCv (1/1) Zot: 5274

Altars:
Ashenzari
Cheibriados
Dithmenos
Elyvilon
Fedhas
Gozag
Hepliaklqana
Kikubaaqudgha
Makhleb
Nemelex Xobeh
Okawaru
Qazlal
Ru
Sif Muna
Trog
Uskayaw
Vehumet
Wu Jian
Xom
Yredelemnul
Zin
The Shining One

Shops:
D:2 =

Annotations:
D:9 exclusion: oklob sapling
D:10 exclusion: obsidian statue

## #### ##.# ##..##
### #..h###....###
##.##
:$#...h#.###C#.###.#.#
#..YYk.#°# #...##÷#.##
#C°#°###.†..####
##.##°#..##Ck## ###
##.###h..# ####..⌠.#
#.....## ##..#...#
#..###..## ##.## ##..#
#..# ##.# ##..# ##.#
#..## #.##


You could see a frost giant and a rime drake (catching breath).


Message History

You lost 1 mp, and now have 10/11 mp. 😕 HP[+1] 😕 HP[+1] 😕 HP[+1] 😕 HP[+1] 😎 HP[+2]
Your hp is fully restored (126). 😎 MP[+1]
Your mp is fully restored (11).
What are your orders? t - Shout!
Orders for allies: a - Attack new target. r - Retreat! s - Stop attacking. g - Guard the area. f - Follow me.
Anything else - Cancel.
You shout for attention!
You hear a bellow!
You hear an angry hiss.
What are your orders? t - Shout!
Orders for allies: a - Attack new target. r - Retreat! s - Stop attacking. g - Guard the area. f - Follow me.
Anything else - Cancel.
You shout for attention!
What are your orders? t - Shout!
Orders for allies: a - Attack new target. r - Retreat! s - Stop attacking. g - Guard the area. f - Follow me.
Anything else - Cancel.
Okay, then.
What are your orders? t - Shout!
Orders for allies: a - Attack new target. r - Retreat! s - Stop attacking. g - Guard the area. f - Follow me.
Anything else - Cancel.
You shout for attention!
You see here a polar bear corpse.
You lunge at the frost giant, in a flurry of attacks.
You claw the frost giant! You scratch the frost giant.
The frost giant gestures at you while chanting.
The bolt of cold hits you!! You resist. 😕 HP[-19] MP[-2]
You take 19 damage, and now have 107/126 hp.
You lost 2 mp, and now have 9/11 mp.
Your muscles tense, ready for explosive movement...
You lunge with incredible momentum at the frost giant.
You scratch the frost giant.
Your supernatural speed expires.
You claw the frost giant!
The frost giant gestures at you while chanting.
The bolt of cold hits you! You resist. 😕 HP[-9]
You take 9 damage, and now have 98/126 hp.
You barely miss the frost giant.
The frost giant hits you with a +0 battleaxe of freezing!!
The frost giant freezes you. 😮 HP[-24] MP[-3]
You take 24 damage, and now have 74/126 hp.
You lost 3 mp, and now have 6/11 mp.
You claw the frost giant!
The frost giant hits you with a +0 battleaxe of freezing! 😮 HP[-7] MP[-1]
You take 7 damage, and now have 67/126 hp.
You lost 1 mp, and now have 5/11 mp.
You claw the frost giant!
The frost giant hits you with a +0 battleaxe of freezing!!
* * * LOW HITPOINT WARNING * * *
The frost giant freezes you.
* * * LOW HITPOINT WARNING * * *
😨 HP[-22] MP[-1]
You take 22 damage, and now have 45/126 hp.
You lost 1 mp, and now have 4/11 mp.
Okay, then.
Okay, then.
You mangle the frost giant!! 😨 HP[+1]
You scratch the frost giant. The rime drake bites you.
* * * LOW HITPOINT WARNING * * *
The frost giant hits you with a +0 battleaxe of freezing!!!
* * * LOW HITPOINT WARNING * * *
The frost giant freezes you.
* * * LOW HITPOINT WARNING * * *
😱 HP[-37] MP[-3]
You take 37 damage, and now have 9/126 hp.
MASSIVE DAMAGE!! (PAUSE)
You lost 3 mp, and now have 1/11 mp.
You feel much better. The rime drake closely misses you.
The frost giant hits you with a +0 battleaxe of freezing!!
* * * LOW HITPOINT WARNING * * *
The frost giant freezes you.
* * * LOW HITPOINT WARNING * * *
The rime drake bites you.
* * * LOW HITPOINT WARNING * * *
😱 HP[-1] MP[-1]
You take 1 damage, and now have 8/126 hp.
You lost 1 mp, and now have 0/11 mp.
You barely miss the frost giant. The frost giant closely misses you.
The rime drake breathes ice at you. The icy flash freeze hits you!
You partially resist.
You die...

Skill      XL: |  1  2  3  4  5  6  7  8  9 10 11 |
---------------+----------------------------------+-----
Fighting       | 1 3 4 6 7 9 10 | 10.2
Unarmed Combat | 4 5 6 7 9 11 12 | 12.4
Shapeshifting  | 4 6 7 9 |  9.5
Dodging        | 4 |  4.4

Action                     |  1- 3 |  4- 6 |  7- 9 | 10-12 || total
---------------------------+-------+-------+-------+-------++-------
  Melee: Unarmed           |    69 |   141 |   273 |   465 ||   948
         Punch             |     1 |     1 |    13 |    28 ||    43
  Throw: Dart              |       |       |     8 |       ||     8
 Invoke: Serpent's Lash    |       |       |       |     1 ||     1
Ability: Lunge             |       |       |    13 |    46 ||    59
         Whirlwind         |       |       |     4 |    42 ||    46
  Evoke: Wand              |       |       |       |     1 ||     1
    Use: Scroll            |       |     4 |     5 |    11 ||    20
         Potion            |       |       |     2 |     2 ||     4
   Stab: Sleeping          |       |     1 |     1 |       ||     2
         Invisible         |       |       |     1 |       ||     1
         Distracted        |       |       |     1 |       ||     1
 Armour: Animal skin       |    57 |   117 |   137 |       ||   311
         Steam dragon scal |       |       |    42 |    16 ||    58
         Acid dragon scale |       |       |       |   260 ||   260
  Dodge: Dodged            |    39 |    91 |   130 |   278 ||   538

Levels and vault maps discovered:
D:1:      wander_arrival_desolate, layout_rooms, basic_ecumenical_altar,
          minmay_misc_feat_iff
D:2:      layout_basic, serial_shops, nicolae_shop_hallway_plus, uniq_sigmund
D:3:      layout_basic, minitemple
D:4:      layout_loops_corners, serial_glass, glass_columns_a, glass_columns_a,
          lemuel_flame_loot_1
D:5:      layout_rooms, serial_demonic, serial_demonic_c, serial_demonic_d,
          serial_demonic_g, serial_demonic_a, minmay_quadrilaterals
D:6:      layout_layer_cave, uniq_blork_the_orc
D:7:      layout_basic, minmay_temple_entry_arrows
D:8:      layout_gridville, serial_bayou_pond_e, uniq_jeremiah
D:9:      layout_long_grid, introduction_to_nature_2, uniq_harold
D:10:     layout_loops_ring, kennysheep_orc_monster_closet_entryway,
          minivault_16, minmay_misc_feat_alley
D:11:     layout_irregular_city, lair_entry_dummy
Temple:   regret_index_temple_waves
Lair:1:   dreamdust_cave_troll, layout_long_grid, portal_ice_cave_entry_imps,
          minivault_19, lemuel_centaur_altar, grunt_megastairs_3
IceCv:    ice_cave_caverns_01

Notes
Turn   | Place    | Note
-------+----------+-------------------------------------------
     0 | D:1      | Skeral the Troll Shapeshifter began the quest for the Orb.
     0 | D:1      | Reached XP level 1. HP: 18/18 MP: 0/0
     0 | D:1      | magus.rc [v1.10.3]
    43 | D:1      | Reached skill level 1 in Fighting
    81 | D:1      | Found a faded altar of an unknown god.
    99 | D:1      | Reached XP level 2. HP: 27/27 MP: 1/1
   360 | D:1      | Reached XP level 3. HP: 26/35 MP: 2/2
   512 | D:2      | Noticed Sigmund
   534 | D:2      | Killed Sigmund
   535 | D:2      | Reached skill level 3 in Fighting
   535 | D:2      | Reached skill level 4 in Unarmed Combat
   535 | D:2      | Reached XP level 4. HP: 29/45 MP: 3/3
   535 | D:2      | Reached XP level 5. HP: 34/53 MP: 4/4
   692 | D:2      | Reached skill level 5 in Unarmed Combat
   840 | D:2      | Found Giwn's Jewellery Emporium.
  1028 | D:3      | Found a sacrificial altar of Ru.
  1030 | D:3      | Found a white marble altar of Elyvilon.
  1036 | D:3      | Found a broken altar of Ashenzari.
  1044 | D:3      | Found a basalt altar of Yredelemnul.
  1044 | D:3      | Found a hide-covered altar of Uskayaw.
  1044 | D:3      | Found a shadowy altar of Dithmenos.
  1046 | D:3      | Found a stormy altar of Qazlal.
  1479 | D:3      | Reached XP level 6. HP: 60/61 MP: 5/5
  2482 | D:4      | HP: 14/61 [something (17)]
  2607 | D:5      | Entered Level 5 of the Dungeon
  2615 | D:5      | Noticed a water moccasin
  2628 | D:4      | Killed a water moccasin
  2751 | D:5      | Reached skill level 4 in Fighting
  2753 | D:5      | Reached XP level 7. HP: 69/70 MP: 4/6
  2913 | D:5      | Reached skill level 6 in Unarmed Combat
  2913 | D:5      | Reached skill level 4 in Shapeshifting
  3093 | D:5      | Noticed a wyvern
  3103 | D:5      | Killed a wyvern
  3245 | D:5      | Reached XP level 8. HP: 38/79 MP: 3/7
  3386 | D:5      | Reached skill level 5 in Fighting
  3417 | D:5      | Reached skill level 5 in Shapeshifting
  3575 | D:6      | Reached skill level 7 in Unarmed Combat
  3652 | D:5      | HP: 19/79 [gnoll/+2 whip of draining[a gnoll bouda] (5)]
  3660 | D:5      | HP: 14/74 [gnoll/+2 whip of draining[a gnoll bouda] (8)]
  4466 | D:6      | Noticed Blork the orc
  4476 | D:6      | Killed Blork the orc
  4945 | D:7      | Reached skill level 6 in Shapeshifting
  5027 | D:7      | Reached skill level 6 in Fighting
  5257 | D:7      | Reached XP level 9. HP: 72/89 MP: 6/8
  5467 | D:7      | Found a staircase to the Ecumenical Temple.
  5495 | D:7      | Reached skill level 8 in Unarmed Combat
  5545 | Temple   | Entered the Ecumenical Temple
  5585 | Temple   | Became a worshipper of the Wu Jian Council
  6230 | D:8      | Reached * piety under Wu Jian
  6248 | D:8      | You pick up a book of Geomancy and begin reading...
  6248 | D:8      | You add the spells Sandblast, Passwall, Stone Arrow and
                  | Brom's Barrelling Boulder to your library.
  6512 | D:8      | Reached skill level 7 in Shapeshifting
  6612 | D:8      | Noticed Jeremiah
  6623 | D:8      | Killed Jeremiah
  6624 | D:8      | Reached skill level 7 in Fighting
  6624 | D:8      | Reached skill level 9 in Unarmed Combat
  6814 | D:9      | Noticed a komodo dragon
  6825 | D:9      | Killed a komodo dragon
  6839 | D:9      | Noticed a troll
  6847 | D:9      | Killed a troll
  6848 | D:9      | Reached XP level 10. HP: 89/102 MP: 7/9
  7273 | D:9      | Noticed Harold
  7281 | D:9      | Reached skill level 8 in Fighting
  7281 | D:9      | Reached skill level 10 in Unarmed Combat
  7462 | D:9      | Killed Harold
  7719 | D:9      | magus.rc [v1.10.3]
  7794 | D:10     | Entered Level 10 of the Dungeon
  7884 | D:10     | Reached ** piety under Wu Jian
  7987 | D:10     | Noticed an obsidian statue
  8057 | D:10     | You pick up a book of the Moon and begin reading...
  8057 | D:10     | You add the spells Passage of Golubria, Silence and
                  | Lehudib's Crystal Spear to your library.
  8535 | D:10     | Found a staircase to the Orcish Mines.
  8565 | D:10     | HP: 23/106 [troll (7)]
  8567 | D:10     | HP: 3/106 [troll (10)]
  8856 | D:10     | Reached skill level 9 in Fighting
  8856 | D:10     | Reached skill level 11 in Unarmed Combat
  8932 | D:11     | Found a staircase to the Lair.
  8956 | D:11     | Noticed a manticore
  8969 | D:11     | Killed a manticore
  8992 | D:11     | Reached XP level 11. HP: 115/115 MP: 10/10
  9097 | D:11     | Reached skill level 8 in Shapeshifting
  9107 | D:11     | You add the spells Sting, Poisonous Vapours and Olgreb's
                  | Toxic Radiance to your library.
  9262 | D:11     | Reached *** piety under Wu Jian
  9306 | D:11     | You pick up a book of Decay and begin reading...
  9306 | D:11     | You add the spells Cigotuvi's Dreadful Rot, Dispel Undead
                  | and Death Channel to your library.
  9511 | Lair:1   | Entered Level 1 of the Lair of Beasts
  9523 | Lair:1   | Reached skill level 2 in Dodging
  9599 | Lair:1   | Found a frozen archway.
  9702 | IceCv    | Entered an ice cave
  9843 | IceCv    | Reached skill level 3 in Dodging
  9930 | IceCv    | Reached **** piety under Wu Jian
  9931 | IceCv    | Reached skill level 9 in Shapeshifting
  9955 | IceCv    | Reached skill level 12 in Unarmed Combat
 10001 | IceCv    | Reached skill level 10 in Fighting
 10125 | IceCv    | Noticed a death yak
 10125 | IceCv    | Noticed a death yak
 10143 | IceCv    | Killed a death yak
 10144 | IceCv    | Reached skill level 4 in Dodging
 10150 | IceCv    | Killed a death yak
 10151 | IceCv    | Reached XP level 12. HP: 79/126 MP: 7/11
 10322 | IceCv    | Noticed a death yak
 10322 | IceCv    | Noticed a frost giant
 10322 | IceCv    | Noticed a death yak
 10462 | IceCv    | HP: 11/126 [frost giant/+0 battleaxe of freezing (34)]
 10464 | IceCv    | Killed from afar by a rime drake

Vanquished Creatures
  Harold (D:9)
  2 death yaks (IceCv)
  A manticore (D:11)
  A black mamba (Lair:1)
  A gargoyle (D:11)
  Jeremiah (D:8)
  A rime drake (IceCv)
  2 komodo dragons
  An unseen horror (D:11)
  A troll (D:9)
  10 polar bears (IceCv)
  Sigmund (D:2)
  5 wraiths
  2 wyverns
  22 yaks
  2 steam dragons (D:8)
  2 acid dragons (D:9)
  8 water moccasins
  6 orc warriors
  An ice beast (D:7)
  16 wolves (IceCv)
  3 ogres
  4 centaurs
  A phantom (D:5)
  5 kobold brigands
  Blork the orc (D:6)
  7 gnoll sergeants
  2 bullfrogs
  A scorpion (D:5)
  4 wights (D:6)
  7 killer bees
  3 howler monkeys (D:11)
  A quasit (D:5)
  6 orc priests
  2 hounds
  4 gnoll boudas
  2 iguanas
  9 orc wizards
  26 gnolls
  12 adders
  2 shadow imps (D:5)
  17 white imps
  4 ufetubi
  A worm (D:3)
  3 dart slugs
  40 orcs
  15 ball pythons
  7 endoplasms
  A giant cockroach (D:3)
  9 goblins
  8 hobgoblins
  6 jackals
  19 kobolds
  5 quokkas
  8 bats
  8 frilled lizards
  2 rats
342 creatures vanquished.

Vanquished Creatures (others)
  A ball python (D:4)
  A goblin (D:4)
2 creatures vanquished.

Grand Total: 344 creatures vanquished

Table legend:
 A = Non-vault XP
 B = Vault XP
 C = Vault XP percentage of total XP
 D = Non-vault monster count
 E = Vault monster count
 F = Vault count percentage of total count
                 A         B        C        D         E       F
            +---------+---------+-------+---------+---------+-------
      Total |   11390 |   13530 |  54.3 |     235 |     107 |  31.3
            +---------+---------+-------+---------+---------+-------
        D:1 |      42 |       0 |   0.0 |      26 |       0 |   0.0
        D:2 |      60 |     239 |  79.9 |      21 |       1 |   4.5
        D:3 |      57 |       0 |   0.0 |      21 |       0 |   0.0
        D:4 |     268 |       0 |   0.0 |      17 |       0 |   0.0
        D:5 |     500 |     511 |  50.5 |      15 |      15 |  50.0
        D:6 |     808 |      99 |  10.9 |      16 |       1 |   5.9
        D:7 |     678 |       0 |   0.0 |      26 |       0 |   0.0
        D:8 |    1416 |     382 |  21.2 |      30 |       1 |   3.2
        D:9 |    1756 |     938 |  34.8 |      14 |      13 |  48.1
       D:10 |    1076 |    1390 |  56.4 |      18 |      19 |  51.4
       D:11 |    2770 |       0 |   0.0 |      23 |       0 |   0.0
     Lair:1 |    1959 |     410 |  17.3 |       8 |      14 |  63.6
      IceCv |       0 |    9561 | 100.0 |       0 |      43 | 100.0
            +---------+---------+-------+---------+---------+-------

Skill      XL: |  1  2  3  4  5  6  7  8  9 10 11 |
---------------+----------------------------------+-----
Fighting       | 1 3 4 6 7 9 10 | 10.2
Unarmed Combat | 4 5 6 7 9 11 12 | 12.4
Shapeshifting  | 4 6 7 9 |  9.5
Dodging        | 4 |  4.4

Action                     |  1- 3 |  4- 6 |  7- 9 | 10-12 || total
---------------------------+-------+-------+-------+-------++-------
  Melee: Unarmed           |    69 |   141 |   273 |   465 ||   948
         Punch             |     1 |     1 |    13 |    28 ||    43
  Throw: Dart              |       |       |     8 |       ||     8
 Invoke: Serpent's Lash    |       |       |       |     1 ||     1
Ability: Lunge             |       |       |    13 |    46 ||    59
         Whirlwind         |       |       |     4 |    42 ||    46
  Evoke: Wand              |       |       |       |     1 ||     1
    Use: Scroll            |       |     4 |     5 |    11 ||    20
         Potion            |       |       |     2 |     2 ||     4
   Stab: Sleeping          |       |     1 |     1 |       ||     2
         Invisible         |       |       |     1 |       ||     1
         Distracted        |       |       |     1 |       ||     1
 Armour: Animal skin       |    57 |   117 |   137 |       ||   311
         Steam dragon scal |       |       |    42 |    16 ||    58
         Acid dragon scale |       |       |       |   260 ||   260
  Dodge: Dodged            |    39 |    91 |   130 |   278 ||   538

Illustrated notes

Table legend:
 A = Kills in this place as a percentage of kills in the entire game.
 B = Kills by you in this place as a percentage of kills by you in the entire game.
 C = Kills by friends in this place as a percentage of kills by friends in the entire game.
 D = Other kills in this place as a percentage of other kills in the entire game.
 E = Experience gained in this place as a percentage of experience gained in the entire game.
 F = Experience gained in this place divided by the number of levels of this place that you have seen.
                   A       B       C       D       E      F
               +-------+-------+-------+-------+-------+----------------------
         Total | 100.0 | 100.0 |   N/A |   N/A | 100.0 | 1780.0
       Dungeon |  81.0 |  81.0 |   N/A |   N/A |  52.1 | 1180.9
          Lair |   6.4 |   6.4 |   N/A |   N/A |   9.5 | 2369.0
      Ice Cave |  12.6 |  12.6 |   N/A |   N/A |  38.4 | 9561.0
               +-------+-------+-------+-------+-------+----------------------

Table legend: (Time is in decaauts)
 A = Elapsed time spent in this place.
 B = Non-inter-level travel time spent in this place.
 C = Inter-level travel time spent in this place.
 D = Time resting spent in this place.
 E = Time spent auto-exploring this place.
 F = Levels seen in this place.
 G = Mean time per level.
                   A        B        C        D        E       F      G
               +--------+--------+--------+--------+--------+-----+--------+
         Total |  10360 |   9789 |    571 |    553 |   5748 |  14 |  740.0 |
       Dungeon |   9370 |   8866 |    504 |    363 |   5714 |  11 |  851.8 |
        Temple |     80 |     13 |     67 |      0 |      0 |   1 |   80.0 |
          Lair |    183 |    183 |      0 |      4 |     21 |   1 |  183.0 |
      Ice Cave |    725 |    725 |      0 |    186 |     13 |   1 |  725.0 |
               +--------+--------+--------+--------+--------+-----+--------+

Top non-repeatable levels by time:
     D:6: 1263 daAuts
    D:10: 1088 daAuts
     D:4: 1030 daAuts
     D:9: 1030 daAuts
     D:7: 920 daAuts
     D:5: 913 daAuts
     D:8: 822 daAuts
   IceCv: 725 daAuts
     D:3: 714 daAuts
    D:11: 617 daAuts
     D:1: 504 daAuts
     D:2: 465 daAuts
  Lair:1: 183 daAuts
  Temple: 80 daAuts
